 Dungeon Crawl Stone Soup version 0.25.1-2-g60ff931df9 (webtiles) character file.

Game seed: 4085140770926898565

711 Martska the Changer (level 7, 0/61 HPs)
             Began as a Naga Transmuter on Oct 14, 2020.
             Slain by a bullfrog skeleton (4 damage)
             ... on level 4 of the Dungeon.
             The game lasted 00:09:48 (6287 turns).

Martska the Changer (Naga Transmuter)               Turns: 6287, Time: 00:09:49

Health: 0/61       AC:  2    Str: 12    XL:     7   Next: 68%
Magic:  9/10       EV: 19    Int: 16    God:
Gold:   131        SH:  0    Dex: 16    Spells: 1/10 levels left

rFire    . . .     SeeInvis +     - Unarmed
rCold    . . .     Gourm    .   (shield currently unavailable)
rNeg     . . .     Faith    .   (armour currently unavailable)
rPois    x         Spirit   .   (helmet currently unavailable)
rElec    .         Reflect  .   (cloak currently unavailable)
rCorr    +         Harm     .   (gloves currently unavailable)
MR       .....                  (no barding)
Stlth    +.........             (no amulet)
HPRegen  0.20/turn              f - ring of resist corrosion
MPRegen  0.12/turn              (no ring)

@: spider-form
A: tiny, see invisible, slow metabolism 1, spit poison 1, AC +2
a: Spit Poison, End Transformation


You were on level 4 of the Dungeon.
You were not hungry.
You were a venomous arachnid creature.
You visited 1 branch of the dungeon, and saw 4 of its levels.

You collected 131 gold pieces.

Inventory:

Hand Weapons
 e - a +0 whip
 m - a +1 war axe of venom (melded)
Missiles
 a - 51 arrows
Armour
 b - a +0 robe (melded)
 k - a +2 helmet (melded)
Jewellery
 f - a ring of resist corrosion (left front leg)
 q - a +4 ring of evasion {unknown}
 t - an uncursed amulet of reflection
Wands
 l - a wand of flame (9)
Scrolls
 c - 2 scrolls of fear {unknown}
 g - 2 scrolls of immolation {unknown}
 i - 4 scrolls of amnesia {unknown}
 j - 4 scrolls of identify {unknown}
 n - 2 scrolls of teleportation {unknown}
 r - a scroll of remove curse {unknown}
 s - a scroll of fog {unknown}
Potions
 h - a potion of heal wounds {unknown}
 o - a potion of lignification {unknown}
 p - a potion of haste {unknown}
Comestibles
 d - 4 rations


   Skills:
 * Level 2.6 Fighting
 - Level 1.5 Dodging
 * Level 4.0 Unarmed Combat
 - Level 2.0 Spellcasting
 + Level 7.5 Transmutations


You had one spell level left.
You knew the following spells:

 Your Spells              Type           Power        Failure   Level  Hunger
a - Beastly Appendage     Tmut           ####..       4%          1    #......
b - Spider Form           Tmut/Pois      ##........   30%         3    ###....
c - Blade Hands           Tmut           ####......   47%         5    ######.

Your spell library contained the following spells:

 Spells                   Type           Power        Failure   Level  Hunger
 Sticks to Snakes         Tmut           ####....     6%          2    ###....
 Ice Form                 Ice/Tmut       ##......     63%         4    #####..


Dungeon Overview and Level Annotations

Branches:
Dungeon (4/15)
 Temple: D:4-7

Altars:
Ashenzari
Dithmenos
Zin


Innate Abilities, Weirdness & Mutations

You cannot wear boots.
((Your serpentine skin is tough. (AC +2)))
You have supernaturally acute eyesight. (SInv)
((Armour fits poorly on your strangely shaped body.))
((Your system is resistant to poisons. (rPois)))
((You cover ground very slowly.))
You have a slow metabolism.
You can spit poison.


Message History

The ogre is heavily wounded.
You hit the ogre but do no damage.
The ogre looks as sick as possible!
The ogre is severely wounded.
The orc completely misses you.
The ogre hits you with a +0 giant club!!
Ouch! That really hurt!
* * * LOW HITPOINT WARNING * * *
The orc hits you but does no damage.
You hit the orc.
You kill the orc!
The ogre misses you.
You hit the ogre.
The ogre looks as sick as possible!
The ogre is almost dead.
The ogre barely misses you.
You hit the ogre.
You kill the ogre!
Your Unarmed Combat skill increases to level 4!
The bullfrog skeleton completely misses you.
You barely miss the bullfrog skeleton. The bullfrog skeleton hits you.
You die...

######## #......#
#.####.# #.# #.#
### #.# #.#
..#####.# #.#####
........# #.....#
.[##############.#
.#......... #s#
.#.######## ###Z#
.#.# #)o)# .#.#
#.### .#.# ...
.#.# ....# .#.#
...... .#.# ......
...#######.##


You could see an orc and a bullfrog skeleton.

Vanquished Creatures
  2 ogres (D:4)
  A scorpion (D:4)
  A hound (D:4)
  4 orc wizards
  2 orc priests
  Natasha (thrice) (D:2)
  4 worker ants (D:4)
  A hound zombie (D:3)
  An adder (D:3)
  An ooze (D:2)
  A worm (D:2)
  A dart slug (D:1)
  A leopard gecko (D:2)
  19 orcs
  2 ball pythons
  7 bats
  2 giant cockroaches
  11 hobgoblins
  2 quokkas (D:2)
  4 frilled lizards
  5 goblins
  14 kobolds
  4 rats
93 creatures vanquished.

Notes
Turn   | Place    | Note
-------+----------+-------------------------------------------
     0 | D:1      | Martska the Naga Transmuter began the quest for the Orb.
     0 | D:1      | Reached XP level 1. HP: 18/18 MP: 3/3
   807 | D:1      | Reached XP level 2. HP: 12/25 MP: 5/5
   953 | D:1      | Reached skill level 3 in Transmutations
  1996 | D:1      | Reached XP level 3. HP: 31/31 MP: 6/6
  2001 | D:1      | Learned a level 3 spell: Spider Form
  2533 | D:2      | Noticed Natasha
  2839 | D:2      | Killed Natasha
  2839 | D:2      | Reached skill level 4 in Transmutations
  2839 | D:2      | Reached XP level 4. HP: 30/38 MP: 3/7
  3073 | D:2      | Noticed Natasha
  3084 | D:2      | Killed Natasha
  3481 | D:2      | Noticed Natasha
  3486 | D:2      | Killed Natasha
  3486 | D:2      | Reached skill level 5 in Transmutations
  3486 | D:2      | Reached XP level 5. HP: 20/44 MP: 4/8
  4032 | D:3      | Found a glowing silver altar of Zin.
  4357 | D:3      | Reached skill level 6 in Transmutations
  4357 | D:3      | Reached XP level 6. HP: 13/51 MP: 6/9
  4581 | D:3      | Learned a level 5 spell: Blade Hands
  5069 | D:3      | Found a shadowy altar of Dithmenos.
  5623 | D:4      | Reached skill level 7 in Transmutations
  5623 | D:4      | Reached XP level 7. HP: 44/57 MP: 7/10
  6121 | D:4      | Found a shattered altar of Ashenzari.
  6281 | D:4      | HP: 3/60 [ogre/+0 giant club (31)]
  6287 | D:4      | Slain by a bullfrog skeleton

Illustrated notes

Levels and vault maps discovered:
D:1:      dpeg_arrival_rhombi, layout_loops_ring
D:2:      layout_loops_ring, uniq_natasha
D:3:      layout_basic, zin_scriptorium, lemuel_doored_altar,
          grunt_ministairs_9, small_statue_intersection
D:4:      minmay_skewed_foursquare, layout_basic, cheibrodos_ashenzari_chains,
          first_ration

Skill      XL: |  1  2  3  4  5  6  7 |
---------------+----------------------+-----
Transmutations | 3 4 5 6 7 |  7.5
Fighting       | 2 |  2.6
Unarmed Combat | 4 |  4.0
Dodging        | |  1.5
Spellcasting   | |  2.0

Action                   |  1- 3 |  4- 6 |  7- 9 || total
-------------------------+-------+-------+-------++-------
Melee: Whip              |    99 |    35 |       ||   134
       Unarmed           |     6 |    73 |    30 ||   109
       Punch             |     2 |       |       ||     2
       War axe           |       |    50 |    10 ||    60
 Cast: Spider Form       |     1 |    10 |     3 ||    14
 Abil: Spit Poison       |    18 |    11 |     4 ||    33
Evoke: Wand              |       |     1 |       ||     1
  Eat: Chunk             |     4 |     7 |     2 ||    13
       Ration            |       |     1 |       ||     1
Armor: Robe              |    29 |    59 |     2 ||    90
       Skin              |       |     9 |     1 ||    10
Dodge: Dodged            |    86 |   139 |    32 ||   257
